Map: Deathaura LE

Players

ExpecT

  • Race: Terran Terran
  • Spawn Location: 11:00

Nice - Winner!

  • Race: Protoss Protoss
  • Spawn Location: 5:00

Event: DreamHack SC2 Masters 2020 Summer TwHkMoJp

VOD

Have the link to the VOD?

Description

Time

  • Played on: June 28, 2020, 8:24 a.m.
  • Length: 19:01

All games in this series

Show
View Real Time Build Order
Export as new Build Order

ExpecT Terran 

Build Orders: Reaper Expand 

Get SALT Encoding   

  12  0:01  SCV  
  13  0:13  SCV  
  14  0:17  Supply Depot  
  14  0:25  SCV  
  15  0:38  SCV  
  15  0:39  Barracks  
  16  0:43  Refinery  
  16  0:50  SCV  
  17  1:03  SCV  
  18  1:15  SCV  
  19  1:27  Reaper, Orbital Command  
  20  1:42  Command Center  
  20  1:53  SCV  
  21  1:54  Supply Depot  
  21  1:59  Marine  
  22  2:05  Bunker  
  22  2:07  SCV  
  23  2:15  Factory  
  23  2:20  SCV  
  23  2:22  Barracks Reactor  
  24  2:27  Refinery  
  24  2:32  SCV  
  25  2:44  SCV  
  26  2:54  Orbital Command  
  26  2:56  SCV  
  27  3:00  Starport  
  27  3:02  Widow Mine  
  27  3:03  Marine x2  
  31  3:09  SCV  
  32  3:18  Barracks  
  32  3:21  SCV, Marine  
  32  3:22  Marine  
  35  3:33  SCV  
  35  3:39  Marine x2  
  37  3:41  SCV  
  37  3:45  SCV, Medivac, Widow Mine  
  43  3:49  Supply Depot  
  43  3:53  Engineering Bay  
  43  3:54  SCV  
  44  3:57  SCV, Marine  
  46  4:03  Supply Depot  
  46  4:10  SCV x2, Marine, Factory Tech Lab  
  46  4:16  Supply Depot, Barracks Tech Lab  
  49  4:22  SCV x2  
  50  4:29  Terran Infantry Weapons Level 1, Missile Turret  
  50  4:30  Missile Turret  
  50  4:34  SCV x2  
  50  4:35  Siege Tank  
  50  4:38  Marine x2  
  57  4:43  Stimpack  
  57  4:46  SCV x2  
  59  4:56  Supply Depot, Refinery  
  59  4:58  Marauder, Marine x2  
  59  4:59  SCV x2  
  65  5:00  Starport Reactor  
  65  5:09  Supply Depot  
  65  5:11  SCV x2  
  67  5:18  Barracks, Siege Tank  
  70  5:22  Marine x2  
  70  5:23  SCV x2, Marauder  
  76  5:31  Refinery  
  76  5:33  Supply Depot  
  76  5:35  SCV  
  76  5:36  SCV, Supply Depot  
  76  5:42  Marine x2  
  80  5:44  Marauder  
  78  5:57  Medivac x2  
  82  6:06  Marauder  
  82  6:07  Supply Depot  
  82  6:08  Marine x2  
  82  6:10  SCV x2  
  88  6:16  Missile Turret  
  88  6:17  Factory Reactor  
  88  6:22  SCV x2, Combat Shield  
  88  6:24  Marauder  
  90  6:25  Marine  
  90  6:26  Marine  
  90  6:31  Marauder  
  92  6:35  Concussive Shells  
  94  6:42  Terran Infantry Armor Level 1  
  92  6:51  Supply Depot x2, Command Center  
  92  6:53  Medivac x2  
  96  6:56  Widow Mine  
  96  6:57  Widow Mine  
  100  7:07  Marauder  
  102  7:12  Marauder, Marine x2  
  106  7:16  Supply Depot x2  
  106  7:18  Widow Mine x2  
  110  7:27  Barracks  
  110  7:28  Barracks  
  110  7:30  Medivac  
  110  7:31  Medivac  
  110  7:34  Marine x2  
  110  7:36  SCV x2  
  120  7:44  Widow Mine x2  
  120  7:48  Marauder  
  120  7:50  Marauder  
  126  7:53  SCV x2  
  128  8:00  Supply Depot  
  128  8:01  Supply Depot  
  128  8:05  Armory  
  128  8:09  Missile Turret  
  128  8:14  SCV  
  128  8:15  SCV  
  130  8:20  Barracks Reactor, Barracks Tech Lab  
  130  8:22  Orbital Command  
  130  8:27  SCV  
  131  8:31  Widow Mine x2  
  135  8:35  SCV  
  135  8:39  SCV  
  135  8:40  Marine  
  135  8:41  Marauder, Marine x2  
  141  8:47  SCV  
  143  8:52  Marauder  
  143  8:55  SCV x2  
  147  8:58  Medivac, Marine  
  147  8:59  SCV, Medivac, Marauder  
  155  9:04  Ghost Academy  
  155  9:06  Marine  
  155  9:07  Marauder, Marine  
  155  9:09  Marine  
  160  9:16  Marine  
  153  9:17  Marauder  
  153  9:20  Marine  
  152  9:25  Marine x2  
  152  9:28  Marauder  
  153  9:34  Marine  
  147  9:41  Marauder x2, Marine  
  140  9:47  Marine  
  140  9:48  Marine  
  140  9:49  Medivac x2  
  140  9:50  Marauder  
  140  9:51  Terran Infantry Weapons Level 2  
  140  9:52  Enhanced Shockwaves  
  144  9:55  Refinery  
  144  9:57  Refinery  
  144  10:02  Ghost x2, Command Center  
  144  10:03  SCV  
  144  10:06  Missile Turret  
  149  10:13  SCV x2  
  151  10:19  Marine  
  151  10:20  Marauder, Marine  
  135  10:30  Ghost x2  
  135  10:31  Marine x2  
  135  10:35  Viking x2  
  145  10:37  Marine x2  
  145  10:41  Ghost  
  149  10:49  Marine x2  
  151  10:50  Supply Depot  
  151  10:53  Missile Turret  
  150  10:59  Marauder  
  150  11:00  Marauder  
  154  11:05  Viking x2  
  154  11:09  Starport  
  154  11:10  Marauder  
  154  11:11  Starport  
  160  11:21  Ghost, Marauder  
  160  11:22  Marine  
  147  11:26  SCV x2  
  147  11:27  SCV  
  147  11:31  Ghost  
  150  11:35  Viking x2  
  150  11:37  Missile Turret, Marine x3  
  150  11:38  SCV  
  150  11:39  SCV x2  
  160  11:42  Marauder  
  160  11:44  Terran Ship Weapons Level 1  
  162  11:47  Engineering Bay, Missile Turret  
  162  11:49  Planetary Fortress  
  162  11:50  Marauder  
  164  11:54  Viking x2  
  167  12:02  Ghost, Marine x3  
  172  12:09  Refinery  
  172  12:10  Refinery  
  172  12:12  Sensor Tower  
  172  12:14  Viking  
  172  12:15  Viking  
  176  12:20  Supply Depot  
  176  12:23  Supply Depot  
  176  12:24  SCV x3  
  176  12:27  Viking x2  
  183  12:36  SCV  
  184  12:41  Barracks x3  
  183  12:48  Command Center  
  183  12:54  Marauder x3, Marine x2  
  191  13:00  SCV x3  
  194  13:15  Marauder  
  194  13:16  Marauder x2  
  194  13:30  Barracks Tech Lab x3  
  194  13:31  Marine  
  195  13:36  Ghost x2  
  198  13:45  Marauder  
  199  14:09  Marine x2  
  195  14:10  Marauder  
  167  14:17  Marine x2  
  167  14:18  Marauder  
  167  14:22  Marine x2  
  167  14:23  Marauder  
  156  14:28  Marauder, Marine x2  
  156  14:31  Marauder  
  148  14:32  Liberator x3  
  148  14:33  Liberator  
  148  14:35  Marine x2  
  158  14:39  Marauder  
  158  14:41  Marauder x2  
  158  14:42  Command Center  
  158  14:43  Terran Infantry Weapons Level 3, Terran Infantry Armor Level 2  
  158  14:44  Marauder, Terran Ship Weapons Level 2  
  166  14:46  Marine x2  
  166  14:52  Ghost x2  
  168  14:53  Marine x2  
  174  15:00  Ghost  
  174  15:01  Ghost  
  174  15:02  Marine  
  174  15:04  Marine  
  180  15:13  Missile Turret  
  178  15:15  Viking x3  
  178  15:16  Viking  
  182  15:36  Planetary Fortress  
  182  15:45  Viking x3  
  187  16:03  Ghost x3  
  187  16:04  Marauder, Marine x3  
  194  16:05  Marauder  
  191  16:17  Ghost  
  167  16:18  Marine  
  167  16:21  Marine  
  167  16:22  SCV x4, Marine x2  
  167  16:25  Ghost x2  
  173  16:32  Viking x2, Ghost  
  181  16:33  Marauder x2  
  181  16:36  Marine  
  181  16:39  Marine x2  
  180  16:40  Marine  
  180  16:41  Planetary Fortress  
  180  16:46  Marauder, Missile Turret  
  184  16:53  Marine  
  179  16:54  Marine  
  179  16:55  Marauder x2, Marine  
  179  16:57  Marine  
  178  17:08  Marauder, Marine x2  
  156  17:09  Marine  
  156  17:12  Marauder, Marine  
  156  17:13  Marine  
  156  17:15  Marine  
  142  17:17  Marauder x2  
  146  17:26  Marine x2  
  146  17:27  Marauder  
  152  17:30  Marauder, Marine  
  152  17:32  Marauder  
  137  17:43  Marauder, Marine x3  
  136  17:50  Marauder, Marine  
  139  17:51  Marauder  
  139  17:53  Marauder, Marine x2  
  143  18:01  Marauder x2  
  147  18:06  Command Center  
  147  18:08  Marauder, Marine x2  
  147  18:12  Marine  
  151  18:13  Marauder, Marine  
  151  18:15  Marine  
  151  18:16  Marine  
  154  18:22  Marine  
Show
View Real Time Build Order
Export as new Build Order

Nice Protoss - Winner!

Build Orders: 1 Gate Expand, Blink Stalkers 

Get SALT Encoding   

  12  0:00  Probe  
  13  0:13  Probe  
  14  0:22  Pylon  
  14  0:25  Probe  
  15  0:36  Probe  
  15  0:40  Gateway  
  16  0:44  Assimilator  
  16  0:45  Probe  
  17  0:54  Probe  
  18  1:06  Probe  
  19  1:18  Probe  
  20  1:27  Cybernetics Core  
  20  1:36  Nexus  
  20  1:40  Pylon  
  20  1:46  Assimilator  
  20  1:47  Probe  
  20  1:53  Adept  
  21  1:59  Probe  
  22  2:04  Warp Gate  
  22  2:07  Probe, Shield Battery  
  24  2:15  Probe  
  26  2:23  Stalker  
  26  2:25  Probe  
  29  2:38  Probe  
  29  2:42  Twilight Council  
  30  2:50  Probe  
  30  2:51  Probe  
  32  2:52  Blink  
  32  2:59  Probe  
  32  3:00  Robotics Facility  
  32  3:02  Probe  
  34  3:07  Probe  
  35  3:14  Probe  
  35  3:15  Shield Battery  
  35  3:17  Probe  
  37  3:30  Probe  
  38  3:37  Probe  
  39  3:42  Probe  
  39  3:45  Gateway  
  39  3:46  Gateway  
  39  3:48  Observer  
  39  3:49  Gateway  
  39  3:50  Probe  
  39  3:54  Stalker  
  42  3:56  Probe  
  42  4:02  Probe  
  44  4:08  Probe  
  44  4:09  Pylon  
  45  4:24  Pylon  
  45  4:27  Warp Prism, Stalker  
  45  4:28  Probe x2  
  51  4:31  Assimilator  
  51  4:36  Pylon  
  51  4:40  Stalker  
  51  4:43  Stalker  
  55  4:46  Observer  
  55  4:47  Pylon  
  55  4:48  Stalker  
  55  4:52  Probe x2  
  59  5:03  Assimilator  
  59  5:11  Probe x2  
  61  5:20  Charge  
  61  5:23  Probe, Pylon  
  61  5:27  Probe  
  62  5:33  Gateway x2  
  62  5:34  Gateway  
  62  5:35  Templar Archives, Observer  
  63  5:38  Gateway  
  63  5:42  Pylon  
  63  5:49  Probe, Nexus  
  64  5:50  Psionic Storm  
  64  5:51  Probe  
  65  6:02  Probe  
  65  6:03  Probe  
  67  6:06  Immortal  
  71  6:14  Probe  
  71  6:30  High Templar x2  
  75  6:33  Probe x2  
  77  6:42  Zealot x6  
  89  6:47  Pylon  
  89  6:51  Probe x2  
  95  7:04  Zealot x2  
  95  7:07  Zealot x4  
  103  7:15  Probe x3  
  106  7:20  Pylon  
  106  7:25  High Templar x3  
  106  7:27  Probe, High Templar  
  115  7:31  Pylon  
  115  7:32  Forge  
  115  7:35  Probe x2, Pylon  
  117  7:39  Probe  
  117  7:40  Immortal  
  118  7:46  Protoss Ground Weapons Level 1  
  118  7:47  Probe x2  
  118  7:48  Assimilator  
  118  7:49  Assimilator  
  118  7:50  Pylon  
  124  7:51  Probe  
  124  7:54  Sentry  
  126  8:10  Robotics Bay  
  126  8:11  Immortal  
  126  8:22  Nexus  
  126  8:23  Pylon  
  126  8:26  Probe, Robotics Facility  
  131  8:27  Probe x2  
  133  8:38  Pylon  
  133  8:39  Probe x2  
  133  8:42  Pylon  
  133  8:44  Observer  
  133  8:46  Pylon  
  127  8:54  Probe x3  
  127  8:55  Pylon  
  131  9:00  Zealot x4  
  131  9:02  Warp Prism  
  137  9:03  High Templar  
  137  9:04  High Templar  
  135  9:29  Zealot x3  
  135  9:30  Zealot x2  
  141  9:35  Gateway  
  141  9:37  Gateway  
  141  9:38  Colossus  
  126  9:46  Protoss Ground Weapons Level 2  
  126  9:49  Extended Thermal Lance  
  116  9:53  Stalker x4  
  116  9:54  Stalker  
  116  9:55  Stalker  
  128  10:07  Colossus  
  128  10:13  Nexus  
  134  10:16  Pylon  
  124  10:27  Zealot x2  
  126  10:31  Probe x2  
  126  10:34  Colossus  
  134  10:39  High Templar x2  
  134  10:40  Stalker x2  
  142  10:43  Archon  
  142  10:51  Pylon  
  142  10:52  Zealot  
  142  10:53  Zealot x3  
  150  11:03  Probe x2  
  151  11:08  Zealot x2  
  151  11:09  Probe  
  138  11:15  Probe  
  135  11:19  Probe x2  
  135  11:22  Probe  
  135  11:23  Probe  
  135  11:25  Disruptor  
  138  11:27  Probe x2, Disruptor  
  138  11:30  Probe  
  138  11:31  Probe  
  145  11:33  Zealot x5, High Templar x2  
  145  11:34  Zealot  
  145  11:37  Archon  
  163  11:47  Observer  
  163  11:52  Photon Cannon  
  163  11:53  Shield Battery  
  163  11:55  High Templar x2  
  163  11:56  Disruptor  
  163  11:59  Protoss Ground Weapons Level 3, High Templar  
  163  12:00  Nexus  
  169  12:01  Pylon  
  172  12:12  Probe x4  
  172  12:14  Disruptor  
  179  12:18  Photon Cannon  
  179  12:21  Pylon  
  179  12:23  Photon Cannon  
  179  12:24  Zealot  
  179  12:25  Zealot  
  179  12:27  Shield Battery  
  179  12:29  Photon Cannon  
  183  12:31  Observer  
  183  12:32  Photon Cannon  
  183  12:33  Gravitic Boosters  
  183  12:36  Zealot  
  181  12:56  Zealot x4, Gateway  
  181  12:57  Zealot, Gateway  
  191  12:59  Dark Shrine, Photon Cannon  
  191  13:02  Shield Battery  
  191  13:03  Pylon  
  191  13:05  Pylon  
  191  13:07  Photon Cannon  
  191  13:11  Disruptor  
  191  13:12  Pylon, Disruptor  
  177  13:31  High Templar  
  179  13:37  Zealot x3  
  179  13:38  Zealot x4, Disruptor x2  
  191  13:42  Archon  
  195  13:52  Zealot x2  
  162  14:17  Disruptor  
  134  14:18  Zealot x10  
  134  14:21  Archon  
  134  14:22  Shadow Stride  
  138  14:26  Disruptor  
  135  14:40  High Templar  
  135  14:41  High Templar x2  
  135  14:42  High Templar  
  135  14:44  Stalker x3  
  135  14:45  Zealot x3  
  155  14:47  Archon  
  155  14:50  Warp Prism, Gateway  
  155  14:52  Gateway  
  155  14:55  Observer  
  157  15:04  Protoss Ground Armor Level 1  
  158  15:11  Zealot x6  
  158  15:13  Gravitic Drive  
  168  15:16  Zealot x4, Photon Cannon  
  168  15:17  Nexus  
  168  15:18  Pylon x2  
  176  15:22  Observer  
  177  15:39  Stalker x5  
  177  15:40  Stalker x3  
  193  15:55  Assimilator  
  193  15:56  Stalker x2  
  197  15:57  Assimilator  
  197  15:58  Stalker  
  158  16:19  Stalker x4  
  158  16:20  Stalker  
  158  16:21  Stalker x3  
  158  16:23  Disruptor  
  174  16:43  Zealot  
  174  16:44  Zealot x11  
  153  17:07  Zealot x6  
  140  17:18  Nexus  
  140  17:21  Pylon  
  140  17:22  High Templar x4  
  148  17:27  Zealot x4  
  139  17:43  Disruptor  
  130  17:52  Disruptor  
  130  17:56  Zealot x8  
  152  18:08  Probe x4  
  131  18:41  Archon x2  
Tags
 
Add a new tag
Caveats
  • Supply blocks, unpowered buildings, or Contaminate may cause inaccurate times.
  • Supply counts are checked every 10 seconds.